 Dungeon Crawl Stone Soup version 0.19.1 (webtiles) character file.

83582 graki42 the Eclecticist (level 15, 0/76 HPs)
             Began as a Deep Elf Fire Elementalist on Dec 25, 2016.
             Was the Champion of Vehumet.
             Slain by a salamander (6 damage)
             ... on level 1 of the Snake Pit on Dec 26, 2016.
             The game lasted 02:31:00 (26478 turns).

graki42 the Eclecticist (DEFE)                     Turns: 26478, Time: 02:31:01

Health: 0/76       AC: 12    Str: 13    XL:     15   Next: 32%
Magic:  3/40       EV: 19    Int: 29    God:    Vehumet [******]
Gold:   1476       SH:  5    Dex: 15    Spells: 12 memorised, 6 levels left

rFire  + . .     SeeInvis .     x - +1 flail "Jonle" {freeze, *Slow +Blink rPois Str+5}
rCold  + . .     Gourm    .     a - +2 robe {MR+}
rNeg   + + .     Faith    .     X - +2 buckler
rPois  +         Spirit   .     N - +2 helmet
rElec  +         Reflect  .     I - +1 cloak of Starlight {rElec rC+ EV+4 Stlth--}
rCorr  .         Harm     .     H - +1 pair of gloves
MR     ++...                    q - +0 pair of boots
Stlth  +.........               d - amulet "Xuvyeh" {rC+ rN+ Regen+ Int+3}
                                s - ring of positive energy
                                m - ring of fire

@: lethally poisoned (0 -> 0), slowed, very slow
A: clever 1
a: Renounce Religion, Evoke Blink


You were on level 1 of the Snake Pit.
You worshipped Vehumet.
Vehumet was exalted by your worship.
You were near starving.

You visited 6 branches of the dungeon, and saw 21 of its levels.
You also visited: Bailey.

You collected 2025 gold pieces.
You spent 549 gold pieces at shops.

Inventory:

Hand Weapons
 x - the +1 flail "Jonle" (weapon) {freeze, *Slow +Blink rPois Str+5}
   (You found it on level 6 of the Lair of Beasts)

   It has been specially enchanted to freeze those struck by it, causing extra
   injury to most foes and up to half again as much damage against particularly
   susceptible opponents.
   It can also slow down cold-blooded creatures.
   It affects your strength (+5).
   It protects you from poison.
   It lets you blink.
   It may slow you when you take damage.
Missiles
 A - 2 throwing nets (quivered)
Armour
 a - a +2 robe of magic resistance (worn)
 q - a +0 pair of boots (worn)
 H - a +1 pair of gloves (worn)
 I - the +1 cloak of Starlight (worn) {rElec rC+ EV+4 Stlth--}
   (You found it in a bailey)

   It affects your evasion (+4).
   It protects you from cold.
   It insulates you from electricity.
   It makes you much less stealthy.
 N - a +2 helmet (worn)
 X - a +2 buckler (worn)
Magical Staves
 K - an uncursed staff of energy
Jewellery
 d - the amulet "Xuvyeh" (around neck) {rC+ rN+ Regen+ Int+3}
   (You acquired it on level 2 of the Orcish Mines)

   [amulet of regeneration]

   It affects your intelligence (+3).
   It protects you from cold.
   It protects you from negative energy.
   It increases your rate of regeneration.
 l - an uncursed ring of ice
 m - a ring of fire (left hand)
 s - a ring of positive energy (right hand)
 t - an uncursed amulet of guardian spirit
Wands
 b - a wand of flame (8/48)
 h - a wand of acid (8/15)
 k - a wand of random effects (24/48)
 r - a wand of polymorph (17/24)
 w - a wand of confusion (25/48)
 O - a wand of acid (2/15)
 Q - a wand of polymorph (9/24)
 T - a wand of lightning (9/15)
 W - a wand of lightning (9/15)
Scrolls
 f - 4 scrolls of remove curse
 g - 2 scrolls of blinking
 o - 2 scrolls of enchant armour
 y - 4 scrolls of teleportation
 z - a scroll of holy word
 L - 3 scrolls of fog
 M - 3 scrolls of immolation
 U - a scroll of recharging
 V - a scroll of silence
Potions
 e - a potion of flight
 i - 5 potions of curing
 u - a potion of lignification
 v - a potion of brilliance
 B - a potion of magic
 C - 3 potions of heal wounds
 P - 2 potions of agility
 S - a potion of might
Books
 p - a book of Conjurations

   Spells                             Type                      Level
   a - Magic Dart                     Conjuration                  1
   b - Searing Ray                    Conjuration                  2
   c - Dazzling Spray                 Conjuration/Hexes            3
   d - Fulminant Prism                Conjuration/Hexes            4
   e - Iskenderun's Mystic Blast      Conjuration                  4
   f - Iskenderun's Battlesphere      Conjuration/Charms           5
 D - a book of Clouds

   Spells                             Type                      Level
   a - Mephitic Cloud                 Conjuration/Poison/Air       3
   b - Conjure Flame                  Conjuration/Fire             3
   c - Poisonous Cloud                Conjuration/Poison/Air       6
   d - Freezing Cloud                 Conjuration/Ice/Air          6
   e - Ring of Flames                 Charms/Fire                  7
 J - a book of the Earth

   Spells                             Type                      Level
   a - Leda's Liquefaction            Hexes/Earth                  4
   b - Bolt of Magma                  Conjuration/Fire/Earth       5
   c - Statue Form                    Transmutation/Earth          6
   d - Iron Shot                      Conjuration/Earth            6
   e - Shatter                        Earth                        9
Miscellaneous
 n - a phantom mirror
 F - a sack of spiders
Comestibles
 c - 11 bread rations
 j - 8 meat rations
 G - a slice of pizza
 R - 3 fruits


   Skills:
 + Level 2.4 Fighting
 + Level 6.6 Dodging
 + Level 5.0 Stealth
 + Level 19.2 Spellcasting
 + Level 15.0 Conjurations
 + Level 4.8 Hexes
 + Level 0.8 Charms
 + Level 2.6 Translocations
 + Level 14.9 Fire Magic
 * Level 8.3 Earth Magic
 + Level 1.0 Evocations


You had 6 spell levels left.
You knew the following spells:

 Your Spells              Type           Power        Failure   Level  Hunger
a - Flame Tongue          Conj/Fire      #####        0%          1    None
b - Conjure Flame         Conj/Fire      ########     0%          3    None
c - Inner Flame           Hex/Fire       #######.     1%          3    None
d - Sticky Flame          Conj/Fire      ########     1%          4    None
e - Fireball              Conj/Fire      ########..   1%          5    None
f - Gell's Gravitas       Hex/Tloc       #####.....   1%          3    None
g - Shroud of Golubria    Chrm/Tloc      #####.....   1%          2    None
h - Iskenderun's Battles  Conj/Chrm      ######..     1%          5    None
i - Iskenderun's Mystic   Conj           #######.     1%          4    None
j - Bolt of Magma         Conj/Fire/Erth ########..   1%          5    None
k - Lee's Rapid Deconstr  Erth           ######....   1%          5    None
l - Iron Shot             Conj/Erth      #######...   1%          6    None


Dungeon Overview and Level Annotations

Branches:
Dungeon (10/15)            Temple (1/1) D:7            Lair (6/6) D:9
 Shoals (0/4) Lair:4        Snake (1/4) Lair:3        Slime (1/5) Lair:5
    Orc (2/2) D:9             Elf (0/3) Orc:2

Altars:
Ashenzari
Cheibriados
Dithmenos
Elyvilon
Fedhas
Gozag
Hepliaklqana
Kikubaaqudgha
Makhleb
Nemelex Xobeh
Okawaru
Qazlal
Ru
Sif Muna
Trog
Uskayaw
Vehumet
Xom
Yredelemnul
Zin
The Shining One
Beogh

Shops:
D:4 *   D:7 :   Orc:2 (![?   Snake:1 ?

Annotations:
D:4 1 runed door


Innate Abilities, Weirdness & Mutations

Your mind is acute. (Int +2)


Message History

You block the arrow.
You feel sick.
Your magical contamination has completely faded away.
Casting: Iron Shot
Confirm with . or Enter, or press ? or * to list all spells.
Aiming: Conjure Flame
Press: ? - help, Dir - move target cursor You feel a surge of power!
There's already a cloud there!
You feel sick.
You see here a halberd of venom.
Casting: Conjure Flame
Confirm with . or Enter, or press ? or * to list all spells.
Aiming: Iron Shot
Press: ? - help, Shift-Dir - straight line, f - salamander
Aim: a salamander, wielding a shortbow of flaming (blue smoke)
The iron shot hits the salamander.
The salamander is severely wounded.
The salamander unwields an uncursed shortbow of flaming.
It stops flaming.
The salamander hits you.
You die...

############.#######
#......#...........#
#.####.#.###.#.....#
#N# #.#.#..<#.#####
#.# #.#.#.#.#.#....
#.####.#.#.#.#.#S#..
#.#....#...#...#.#.#
#.#.############.#.#
#N#@##......))...#.#
#§#N§...(.......##.#
#§§§§..########.##.#
######## #.##.#
#.##.# #.##.# #N##.#
#N##.. #.##..


You could see a salamander.

Vanquished Creatures
  Kirke (Lair:4)
  Roxanne (Snake:1)
  2 orc warlords
  A stone giant (Orc:2)
  An ettin (Orc:2)
  Josephine (Lair:4)
  8 hydras
  A catoblepas (Lair:6)
  Erica (Lair:1)
  2 anacondas (Snake:1)
  A deep troll shaman (Lair:6)
  4 orc high priests (Orc:2)
  15 death yaks
  A naga sharpshooter (Snake:1)
  Nergalle (Lair:3)
  A naga ritualist (Snake:1)
  An orc knight (Orc:1)
  A lindwurm (Lair:6)
  4 mana vipers (Snake:1)
  3 orc sorcerers (Orc:2)
  The ghost of Cyber the Covert, a novice SpEn of Gozag (D:9)
  A salamander (Snake:1)
  2 naga magi (Snake:1)
  A guardian serpent (Snake:1)
  A siren (Lair:4)
  14 black mambas
  2 gargoyles (D:10)
  7 elephants
  Psyche (D:8)
  14 spiny frogs
  A torpor snail (Lair:3)
  A rime drake (Lair:4)
  13 komodo dragons
  A merfolk (Lair:4)
  2 polar bears (Lair:6)
  4 trolls
  A hornet (D:10)
  9 dream sheep
  6 slime creatures
  25 blink frogs
  3 hippogriffs
  A wyvern (Lair:3)
  48 yaks
  2 basilisks
  3 wraiths (Lair:4)
  2 hungry ghosts
  6 hogs (Lair:4)
  11 nagas
  4 wargs
  8 porcupines
  13 water moccasins
  4 sky beasts
  3 black bears
  2 ice beasts
  29 orc warriors
  A necrophage (D:10)
  2 centaurs
  8 ogres
  15 wolves
  13 crocodiles
  4 big kobolds
  9 bullfrogs
  2 gnoll sergeants
  2 water moccasin skeletons
  4 scorpions
  A howler monkey (D:9)
  2 electric eels
  2 centaur zombies
  A quasit (D:10)
  28 orc priests
  A bullfrog zombie (D:9)
  6 hounds
  4 jellies
  2 bullfrog skeletons
  2 iguanas
  28 orc wizards
  6 worker ants
  A hound zombie (D:6)
  A worker ant zombie (D:5)
  2 howler monkey skeletons
  25 gnolls
  12 adders
  2 shadow imps
  An ooze (D:1)
  2 adder skeletons
  An adder zombie (D:5)
  2 worms
  3 leopard geckos
  71 orcs
  3 giant cockroaches
  13 goblins
  11 hobgoblins
  15 jackals
  3 quokkas
  3 ball pythons
  7 bats
  8 frilled lizards
  28 kobolds
  10 rats
  2 bushes (Lair:1)
  A fungus (Lair:4)
  4 plants
671 creatures vanquished.

Vanquished Creatures (others)
  An orc warrior (D:8)
  An ogre (D:8)
  2 iguanas (D:8)
  A leopard gecko (D:8)
  A giant cockroach (D:8)
  12 fungi
  17 plants
35 creatures vanquished.

Grand Total: 706 creatures vanquished

Notes
Turn   | Place    | Note
-------+----------+-------------------------------------------
     0 | D:1      | graki42 the Deep Elf Fire Elementalist began the quest for the Orb.
     0 | D:1      | Reached XP level 1. HP: 10/10 MP: 6/6
   195 | D:1      | Reached XP level 2. HP: 14/15 MP: 0/8
  1180 | D:1      | Reached XP level 3. HP: 19/19 MP: 7/9
  1375 | D:2      | Found a glowing silver altar of Zin.
  1675 | D:2      | Reached skill level 4 in Spellcasting
  1675 | D:2      | Reached XP level 4. HP: 22/24 MP: 7/12
  2148 | D:3      | Reached XP level 5. HP: 27/28 MP: 11/13
  2612 | D:3      | Learned a level 3 spell: Conjure Flame
  2616 | D:3      | Learned a level 3 spell: Inner Flame
  2738 | D:3      | Found an ancient bone altar of Kikubaaqudgha.
  2998 | D:4      | Reached skill level 5 in Fire Magic
  3019 | D:4      | Reached skill level 5 in Spellcasting
  3019 | D:4      | Reached XP level 6. HP: 33/33 MP: 1/15
  3762 | D:4      | Found Vuxe's Assorted Antiques.
  3767 | D:4      | Bought a fuming brown potion for 22 gold pieces
  3767 | D:4      | Bought a scroll labeled XACZAQOED for 25 gold pieces
  3767 | D:4      | Bought a scroll labeled JOENOLOCSIM for 25 gold pieces
  3767 | D:4      | Bought a scroll labeled DOIVEH SAARU for 25 gold pieces
  3820 | D:4      | Found a glowing silver altar of Zin.
  3820 | D:4      | Found a runed door.
  3820 | D:4      | Noticed an angel
  4039 | D:5      | Entered Level 5 of the Dungeon
  4111 | D:5      | Reached skill level 6 in Spellcasting
  4153 | D:5      | Reached XP level 7. HP: 27/37 MP: 2/18
  4886 | D:5      | Reached skill level 1 in Hexes
  5224 | D:6      | Reached skill level 7 in Spellcasting
  5230 | D:6      | Learned a level 4 spell: Sticky Flame
  5236 | D:6      | Learned a level 5 spell: Fireball
  5644 | D:6      | Reached skill level 1 in Fighting
  5704 | D:6      | Found a sparkling altar of Nemelex Xobeh.
  5937 | D:6      | Reached XP level 8. HP: 14/43 MP: 8/21
  6234 | D:7      | Found a staircase to the Ecumenical Temple.
  6246 | Temple   | Entered the Ecumenical Temple
  6346 | Temple   | Learned a level 3 spell: Gell's Gravitas
  6437 | Temple   | Became a worshipper of Vehumet
  6519 | D:7      | Reached skill level 5 in Conjurations
  6812 | D:7      | Found Nyjaff's Book Shoppe.
  7273 | D:8      | Reached skill level 8 in Spellcasting
  7358 | D:8      | Found a shimmering altar of Xom.
  7552 | D:8      | Reached skill level 9 in Spellcasting
  7563 | D:8      | Found a hazy altar of Hepliaklqana.
  7855 | D:8      | Reached XP level 9. HP: 47/47 MP: 19/24
  7876 | D:8      | Reached * piety under Vehumet
  7876 | D:8      | Offered knowledge of Sting by Vehumet.
  7882 | D:8      | Found a flagged portal.
  7889 | Bailey   | Entered a bailey
  8116 | Bailey   | Noticed an orc warlord
  8251 | Bailey   | Found a runed gate.
  8252 | Bailey   | Found a runed gate.
  8254 | Bailey   | Found a runed gate.
  8509 | Bailey   | Killed an orc warlord
  8509 | Bailey   | Reached skill level 11 in Spellcasting
  8620 | D:8      | Noticed Psyche
  8623 | D:8      | Killed Psyche
  8623 | D:8      | Reached XP level 10. HP: 52/52 MP: 5/27
  8778 | D:8      | Offered knowledge of Searing Ray by Vehumet.
  8812 | D:9      | Reached ** piety under Vehumet
  9018 | D:9      | Noticed Cyber's ghost (novice SpEn)
  9025 | D:9      | Noticed an elephant
  9366 | D:9      | Killed Cyber's ghost
  9654 | D:9      | Found a staircase to the Lair.
  9670 | D:9      | Killed an elephant
  9670 | D:9      | Reached skill level 12 in Spellcasting
 10020 | D:9      | Found a staircase to the Orcish Mines.
 10237 | D:9      | Reached skill level 1 in Translocations
 10698 | D:10     | Entered Level 10 of the Dungeon
 10704 | D:10     | Reached skill level 10 in Fire Magic
 10891 | D:10     | Reached skill level 5 in Dodging
 10947 | D:10     | Noticed a gargoyle
 10961 | D:10     | Killed a gargoyle
 11150 | D:10     | Reached XP level 11. HP: 57/57 MP: 24/29
 11189 | D:10     | Noticed a two-headed hydra
 11193 | D:10     | Killed a two-headed hydra
 11193 | D:10     | Offered knowledge of Throw Frost by Vehumet.
 11193 | D:10     | Reached skill level 13 in Spellcasting
 12067 | Lair:1   | Entered Level 1 of the Lair of Beasts
 12143 | Lair:1   | Noticed Erica
 12148 | Lair:1   | Killed Erica
 12148 | Lair:1   | Reached skill level 10 in Conjurations
 12165 | Lair:1   | Reached *** piety under Vehumet
 13148 | Lair:2   | Gained mutation: Your mind is acute. (Int +2) [potion of beneficial mutation]
 13163 | Lair:2   | Learned a level 2 spell: Shroud of Golubria
 13276 | Lair:2   | Reached skill level 14 in Spellcasting
 13288 | Lair:2   | Offered knowledge of Force Lance by Vehumet.
 13605 | Lair:2   | Reached XP level 12. HP: 62/62 MP: 9/32
 13834 | Lair:2   | Reached **** piety under Vehumet
 14323 | Lair:2   | Learned a level 5 spell: Iskenderun's Battlesphere
 14328 | Lair:2   | Learned a level 4 spell: Iskenderun's Mystic Blast
 14533 | Lair:3   | Noticed a death yak
 14533 | Lair:3   | Noticed a death yak
 14533 | Lair:3   | Noticed a death yak
 14533 | Lair:3   | Noticed a death yak
 14729 | Lair:3   | Reached skill level 15 in Spellcasting
 15071 | Lair:3   | Offered knowledge of Ignite Poison by Vehumet.
 15399 | Lair:3   | Reached skill level 5 in Stealth
 15456 | Lair:3   | Noticed Nergalle
 15462 | Lair:3   | Killed Nergalle
 15550 | Lair:3   | Found a staircase to the Snake Pit.
 15770 | Lair:3   | Killed a death yak
 15857 | Lair:3   | Noticed a death yak
 15858 | Lair:3   | Noticed a death yak
 15859 | Lair:3   | Noticed a death yak
 15860 | Lair:3   | Killed a death yak
 15861 | Lair:3   | Killed a death yak
 15862 | Lair:3   | Killed a death yak
 15863 | Lair:3   | Noticed a death yak
 15865 | Lair:3   | Killed a death yak
 15865 | Lair:3   | Reached skill level 16 in Spellcasting
 15866 | Lair:3   | Killed a death yak
 15866 | Lair:3   | Reached XP level 13. HP: 66/67 MP: 4/35
 16313 | Lair:4   | Noticed Kirke
 16559 | Lair:4   | Killed Kirke
 16789 | Lair:4   | Noticed Josephine
 16792 | Lair:4   | Killed Josephine
 17177 | Lair:4   | Reached ***** piety under Vehumet
 17226 | Lair:4   | Found a staircase to the Shoals.
 17260 | Lair:4   | Offered knowledge of Bolt of Magma by Vehumet.
 17267 | Lair:4   | Learned a level 5 spell: Bolt of Magma
 17790 | Lair:5   | Reached skill level 1 in Earth Magic
 17838 | Lair:5   | Reached skill level 17 in Spellcasting
 18916 | Lair:5   | Found a staircase to the Slime Pits.
 19351 | Lair:6   | Entered Level 6 of the Lair of Beasts
 19730 | Lair:6   | Reached XP level 14. HP: 72/72 MP: 21/37
 20292 | Lair:6   | Reached skill level 5 in Earth Magic
 21208 | Lair:6   | Reached skill level 18 in Spellcasting
 21342 | Lair:6   | Got an ancient flail
 21352 | Lair:6   | Identified the +1 flail "Jonle" {freeze, *Slow +Blink rPois Str+5} (You found it on level 6 of the Lair of Beasts)
 21669 | Orc:1    | Entered Level 1 of the Orcish Mines
 21877 | Orc:2    | Entered Level 2 of the Orcish Mines
 22006 | Orc:1    | Noticed an orc warlord
 22938 | Orc:2    | Found a staircase to the Elven Halls.
 22972 | Orc:2    | Found a roughly hewn altar of Beogh.
 23008 | Orc:2    | Reached skill level 1 in Evocations
 23143 | Orc:2    | Reached ****** piety under Vehumet
 23143 | Orc:2    | Offered knowledge of Lee's Rapid Deconstruction by Vehumet.
 23263 | Orc:2    | Noticed a stone giant
 23268 | Orc:2    | Killed a stone giant
 23396 | Orc:2    | Learned a level 5 spell: Lee's Rapid Deconstruction
 23774 | Orc:2    | Found a roughly hewn altar of Beogh.
 23945 | Orc:2    | Killed an orc warlord
 24705 | Orc:2    | Found Josieda's Magic Scroll Boutique.
 24705 | Orc:2    | Found Jittum's Weapon Shop.
 24705 | Orc:2    | Found Elonakhi's Distillery.
 24708 | Orc:2    | Found Gij Myrr's Armour Boutique.
 24711 | Orc:2    | Bought a scroll of immolation for 49 gold pieces
 24716 | Orc:2    | Bought a +2 buckler for 231 gold pieces
 24723 | Orc:2    | Bought a potion of heal wounds for 60 gold pieces
 24726 | Orc:2    | Identified a scroll of acquirement
 24730 | Orc:2    | Got a warped copper amulet
 24732 | Orc:2    | Identified the amulet "Xuvyeh" {rC+ rN+ Regen+ Int+3} (You acquired it on level 2 of the Orcish Mines)
 24873 | Orc:1    | Reached XP level 15. HP: 76/76 MP: 36/39
 25020 | Slime:1  | Entered Level 1 of the Pits of Slime
 25081 | Snake:1  | Entered Level 1 of the Snake Pit
 25316 | Snake:1  | Noticed Roxanne
 25321 | Snake:1  | Killed Roxanne
 25476 | Snake:1  | Learned a level 6 spell: Iron Shot
 25560 | Snake:1  | Found Duetoise's Magic Scroll Boutique.
 25568 | Snake:1  | Bought a scroll of blinking for 112 gold pieces
 25681 | Snake:1  | Reached skill level 19 in Spellcasting
 26429 | Snake:1  | Reached skill level 15 in Conjurations
 26475 | Snake:1  | Offered knowledge of Delayed Fireball by Vehumet.
 26478 | Snake:1  | Slain by a salamander

Skill      XL: |  1  2  3  4  5  6  7  8  9 10 11 12 13 14 15 |
---------------+----------------------------------------------+-----
Dodging        | 3 4 5 6 |  6.6
Fire Magic     | 4 5 6 7 8 10 11 12 13 14 | 14.9
Spellcasting   | 4 5 6 7 9 11 12 14 16 17 18 19 | 19.2
Conjurations   | 2 3 4 6 7 9 10 12 13 14 15 | 15.0
Stealth        | 3 4 5 |  5.0
Hexes          | 1 2 4 |  4.8
Fighting       | 1 2 |  2.4
Translocations | 1 2 |  2.6
Earth Magic    | 3 7 8 |  8.3
Evocations     | 1 |  1.0
Charms         | |  0.8

Action                   |  1- 3 |  4- 6 |  7- 9 | 10-12 | 13-15 || total
-------------------------+-------+-------+-------+-------+-------++-------
Melee: Staff             |       |       |       |     2 |     1 ||     3
       Unarmed           |       |       |       |       |     3 ||     3
       Flail             |       |       |       |       |     1 ||     1
 Cast: Flame Tongue      |    73 |   121 |   176 |   150 |    85 ||   605
       Conjure Flame     |       |     5 |    15 |    14 |    10 ||    44
       Inner Flame       |       |     3 |     8 |     6 |     7 ||    24
       Sticky Flame      |       |       |    15 |    59 |    61 ||   135
       Fireball          |       |       |    13 |    75 |   139 ||   227
       Gell's Gravitas   |       |       |     1 |    15 |       ||    16
       Shroud of Golubri |       |       |       |     7 |     2 ||     9
       Iskenderun's Myst |       |       |       |    40 |    78 ||   118
       Bolt of Magma     |       |       |       |       |    78 ||    78
       Lee's Rapid Decon |       |       |       |       |     9 ||     9
       Iron Shot         |       |       |       |       |    22 ||    22
Evoke: Wand              |       |       |       |     1 |     4 ||     5
       Staff of energy   |       |       |       |     2 |     2 ||     4
       Sack of spiders   |       |       |       |       |     1 ||     1
  Use: Scroll            |       |     5 |    12 |     1 |    16 ||    34
       Potion            |       |       |       |     5 |     1 ||     6
  Eat: Chunk             |     2 |     8 |    15 |    16 |    22 ||    63
       Pizza             |       |       |     1 |       |     1 ||     2
       Fruit             |       |       |       |     2 |     2 ||     4
       Meat ration       |       |       |       |     1 |     1 ||     2
Armor: Robe              |     8 |     7 |    37 |    48 |    40 ||   140
Dodge: Dodged            |    28 |    21 |    94 |   176 |   173 ||   492
Block: Buckler           |       |       |       |       |     6 ||     6
